 Dungeon Crawl Stone Soup version 0.30-b1-2-g02819fbbbe (webtiles) character file.

Game seed: 13724967219750562759

23 Goblin1989 the Sneak (level 2, -2/24 HPs)
             Began as a Demonspawn Delver on May 7, 2023.
             Slain by an iguana (9 damage)
             ... on level 5 of the Dungeon.
             The game lasted 00:03:13 (428 turns).

Goblin1989 the Sneak (Demonspawn Delver)             Turns: 428, Time: 00:03:14

Health: -2/24      AC:  5    Str: 12    XL:     2   Next: 75%
Magic:  2/2        EV: 11    Int: 11    God:
Gold:   0          SH:  0    Dex: 14    Spells: 1/1 levels left

rFire   . . .        a - +0 hand axe
rCold   . . .        (no shield)
rNeg    . . .        b - +0 leather armour
rPois   .            (no helmet)
rElec   .            (no cloak)
rCorr   .            (no gloves)
SInv    .            (no boots)
Will    .....        (no amulet)
Stlth   ++           (no ring)
HPRegen 0.24/turn    (no ring)
MPRegen 0.08/turn

%: no passive effects
@: hasted, very quick
A: thin metallic scales 1
a: no special abilities


You were on level 5 of the Dungeon.
You visited 1 branch of the dungeon, and saw 2 of its levels.

Inventory:

Hand Weapons
 a - a +0 hand axe (weapon)
Missiles
 i - 5 silver boomerangs (quivered) {@Q3}
Armour
 b - a +0 leather armour (worn)
Jewellery
 h - a ring of fire
Wands
 g - a wand of digging (3) {@v3}
Scrolls
 c - a scroll of fog
 d - a scroll of magic mapping
 e - a scroll of fear


   Skills:
 - Level 3.0 Fighting
 + Level 3.0 Axes
 - Level 1.7 Dodging
 - Level 4.5 Stealth


You had one spell level left.
You didn't know any spells.
Your spell library was empty.

Dungeon Overview and Level Annotations

Branches:
Dungeon (6/15) Zot: 11569
 Temple: D:4-7

Altars:

Annotations:
D:5 exclusions: bullfrog, centaur, 4 jackals and 2 more exclusions, Edmund, Grinder
D:6 exclusion: door


Innate Abilities, Weirdness & Mutations

You are partially covered in thin metallic scales. (AC +2)


Message History

You closely miss the river rat.
The river rat is lightly wounded.
The river rat bites you.
You take 3 damage, and have 20/24 hp.
You hit the river rat but do no damage.
The river rat is lightly wounded.
The river rat bites you.
The rat twitches its whiskers.
The river rat bites you.
You hit the river rat but do no damage.
The river rat is lightly wounded.
The quokka twitches its whiskers.
The river rat barely misses you.
You take 5 damage, and have 15/24 hp.
MASSIVE DAMAGE!!
You hit the river rat.
The river rat is moderately wounded.
The river rat barely misses you.
You hit the river rat.
The river rat is severely wounded.
The river rat twitches its whiskers.
The river rat bites you.
You take 1 damage, and have 15/24 hp.
You closely miss the river rat.
The river rat is severely wounded.
The river rat bites you.
You take 4 damage, and have 11/24 hp.
You are too injured to fight recklessly!
You are too injured to fight recklessly!
You are too injured to fight recklessly!
You are too injured to fight recklessly!
You are too injured to fight recklessly!
You are too injured to fight recklessly!
You are too injured to fight recklessly!
You are too injured to fight recklessly!
You are too injured to fight recklessly!
You are too injured to fight recklessly!
You are too injured to fight recklessly!
You are too injured to fight recklessly!
You are too injured to fight recklessly!
You are too injured to fight recklessly!
You are too injured to fight recklessly!
You are too injured to fight recklessly!
You are too injured to fight recklessly!
You are too injured to fight recklessly!
You are too injured to fight recklessly!
You are too injured to fight recklessly!
You are too injured to fight recklessly!
You are too injured to fight recklessly!
You are too injured to fight recklessly!
You barely miss the river rat.
The river rat is severely wounded.
The river rat bites you!
* * * LOW HITPOINT WARNING * * *
You take 7 damage, and have 4/24 hp.
MASSIVE DAMAGE!!
You closely miss the river rat.
The river rat is severely wounded.
The river rat bites you but does no damage.
The river rat closely misses you.
You feel yourself speed up. The river rat bites you.
* * * LOW HITPOINT WARNING * * *
You take 1 damage, and have 4/24 hp.
You hit the river rat but do no damage.
The river rat is severely wounded.
You hit the river rat.
You kill the river rat!
Your Axes skill increases to level 3!
You hit the jackal.
The jackal is moderately wounded.
The jackal barely misses you.
You barely miss the jackal.
The jackal is moderately wounded.
The jackal bites you but does no damage.
The jackal closely misses you.
You hit the jackal.
You kill the jackal!
You hit the iguana but do no damage.
The iguana bites you but does no damage.
You closely miss the iguana. The iguana closely misses you.
You hit the iguana but do no damage. You hit the iguana.
The iguana is lightly wounded.
The iguana bites you but does no damage.
You completely miss the iguana.
The iguana is lightly wounded.
The iguana misses you.
You hit the iguana.
The iguana is moderately wounded.
The iguana barely misses you.
You hit the iguana.
The iguana is severely wounded.
The iguana closely misses you.
You barely miss the iguana.
The iguana is severely wounded.
You hit the iguana.
The iguana is almost dead.
The iguana bites you but does no damage.
You hit the iguana but do no damage.
The iguana is almost dead.
The iguana bites you!
You die... █████ █ █...███ █[ █.....██ █. █......█.█ █.█. ██████ █.......^█ █...███l@█.███......... █...rrr██.█.██......... █..██.██.███.█............ █. r██

██.██..........█
hl ██
████...........
r█ █...........
r █...........
█...........
█...........


You could see an iguana, a quokka and 2 rats.

Vanquished Creatures
  An adder (D:5)
  A river rat (D:5)
  A jackal (D:5)
  A quokka (D:5)
  3 rats (D:5)
7 creatures vanquished.

Notes
Turn   | Place    | Note
-------+----------+-------------------------------------------
     0 | D:5      | Goblin1989 the Demonspawn Delver began the quest for the
                  | Orb.
     0 | D:5      | Reached XP level 1. HP: 18/18 MP: 1/1
    16 | D:5      | Noticed a bullfrog
    23 | D:5      | Noticed a centaur
    25 | D:5      | Noticed Grinder
    35 | D:5      | Noticed Edmund
   101 | D:5      | Noticed a scorpion
   102 | D:5      | Noticed a water moccasin
   248 | D:6      | Noticed a scorpion
   310 | D:5      | Gained mutation: You are partially covered in thin metallic
                  | scales. (AC +2) [demonic ancestry]
   310 | D:5      | Reached XP level 2. HP: 11/24 MP: 2/2
   428 | D:5      | Slain by an iguana

Illustrated notes

Levels and vault maps discovered:
D:5:      lemuel_ratsnest, layout_cave_pods, minmay_temple_entry_mist,
          uniq_grinder, uniq_edmund, uniq_prince_ribbit1
D:6:      layout_loops_corners, nzn_wu_jian_council_hall,
          kennysheep_generic_room_15, uniq_menkaure

Skill      XL: |  1  2 |
---------------+-------+-----
Axes           | 2 3 |  3.0
Fighting       | |  3.0
Dodging        | |  1.7
Stealth        | |  4.5

Action                     || total
---------------------------++-------
  Melee: Hand axe          ||    48
         Punch             ||     2
    Use: Potion            ||     1
   Stab: Sleeping          ||     1
 Armour: Leather armour    ||    13
  Dodge: Dodged            ||    27
